 Dungeon Crawl Stone Soup version 0.25.0-37-gb73750e0fb (webtiles) character file.

Game seed: 5519659934822088133

100 wullow the Stinger (level 4, -8/30 HPs)
             Began as a Merfolk Venom Mage on July 9, 2020.
             Mangled by an orc warrior
             ... wielding a +0 long sword
              (21 damage)
             ... on level 2 of the Dungeon.
             The game lasted 00:08:35 (2835 turns).

wullow the Stinger (Merfolk Venom Mage)             Turns: 2835, Time: 00:08:36

Health: -8/30      AC:  4    Str:  8    XL:     4   Next: 74%
Magic:  4/7        EV: 13    Int: 15    God:
Gold:   137        SH:  0    Dex: 14    Spells: 1/7 levels left

rFire    . . .     SeeInvis .   e - +0 dagger
rCold    . . .     Gourm    .   (no shield)
rNeg     . . .     Faith    .   a - +0 robe
rPois    .         Spirit   .   (no helmet)
rElec    .         Reflect  .   k - +1 cloak
rCorr    .         Harm     .   (no gloves)
MR       .....                  (no boots)
Stlth    ++........             (no amulet)
HPRegen  0.10/turn              (no ring)
MPRegen  0.10/turn              (no ring)

@: no status effects
A: change form in water, swift swim, stealthy swim
a: no special abilities


You were on level 2 of the Dungeon.
You were not hungry.

You visited 1 branch of the dungeon, and saw 3 of its levels.

You collected 137 gold pieces.

Inventory:

Hand Weapons
 e - a +0 dagger (weapon)
 f - a +0 dagger of holy wrath
 l - a +0 whip of venom
Missiles
 b - 81 stones (quivered)
Armour
 a - a +0 robe (worn)
 k - a +1 cloak (worn)
Scrolls
 g - 2 scrolls of blinking {unknown}
 h - 5 scrolls of identify {unknown}
 i - a scroll of teleportation {unknown}
 j - a scroll of magic mapping {unknown}
 m - 2 scrolls of immolation {unknown}
 n - a scroll of fear {unknown}
Potions
 d - 5 potions of curing {unknown}
 o - a potion of flight {unknown}
Comestibles
 c - 8 rations


   Skills:
 - Level 2.6 Dodging
 - Level 2.1 Stealth
 - Level 2.0 Spellcasting
 + Level 1.8 Conjurations
 - Level 2.0 Transmutations
 - Level 2.0 Air Magic
 - Level 4.0 Poison Magic


You had one spell level left.
You knew the following spells:

 Your Spells              Type           Power        Failure   Level  Hunger
a - Sting                 Tmut/Pois      ##..         6%          1    #......
b - Poisonous Vapours     Pois/Air       ##....       10%         2    ###....
c - Mephitic Cloud        Conj/Pois/Air  #.......     22%         3    ###....

Your spell library contained the following spells:

 Spells                   Type           Power        Failure   Level  Hunger
 Ignite Poison            Fire/Tmut/Pois #.......     28%         3    ###....
 Olgreb's Toxic Radiance  Pois           ##......     38%         4    #####..


Dungeon Overview and Level Annotations

Branches:
Dungeon (3/15)

Altars:


Message History

Casting: Sting (safe; 6% risk of failure)
Confirm with . or Enter, or press ? or * to list all spells.
The spell is quite dangerous to cast (22% risk of failure)!
Continue anyway?
Okay, then.
Casting: Mephitic Cloud (quite dangerous; 22% risk of failure)
Confirm with . or Enter, or press ? or * to list all spells.
The spell is quite dangerous to cast (22% risk of failure)!
Continue anyway?
Aiming: Mephitic Cloud (quite dangerous; 22% risk of failure)
Press: ? - help, Shift-Dir - straight line, f - orc warrior
Aim: an orc warrior, wielding a +0 long sword and wearing a +0 chain mail (heavily wounded)
The ball explodes into a vile cloud!
The stinking cloud engulfs the orc warrior but does no damage.
The orc warrior is heavily wounded.
The orc warrior is engulfed in noxious fumes.
The orc warrior appears confused.
The orc warrior is engulfed in noxious fumes.
The orc warrior appears confused.
The orc warrior hits you with a +0 long sword!!
Ouch! That really hurt!
You die...

#..#####.####### #.# #.#
#..............###.### #>#
####.......###.......# #.#
#....###.#.# #####.#.# #.#
#.)### #.#.#### #.#.## #.#
#..# #)#....## #<...# #.#
...# #.#.....#####..# #.#
##.# #........####..## #.#
##.# #........@o○○...# #.#
.).###
#........####...#####.#
##...#
#.#................)#.#
#.#.###...###...###..[###.#.#
#.........# #.........# #.#.#
###.#####.###.#.###>..###.#.#
#.# #.....#.............# #.#
#.##########..###.#### #.#
#.# ####..# #....#


You could see an orc warrior (confused).

Vanquished Creatures
  An orc priest (D:3)
  An ooze (D:2)
  2 worms (D:2)
  A dart slug (D:2)
  4 leopard geckos
  8 bats
  A giant cockroach (D:1)
  7 goblins
  5 hobgoblins
  5 jackals (D:1)
  8 kobolds
  2 frilled lizards
  6 rats
51 creatures vanquished.

Notes
Turn   | Place    | Note
-------+----------+-------------------------------------------
     0 | D:1      | wullow the Merfolk Venom Mage began the quest for the Orb.
     0 | D:1      | Reached XP level 1. HP: 13/13 MP: 3/3
   259 | D:1      | Reached XP level 2. HP: 19/19 MP: 0/5
   263 | D:1      | Learned a level 2 spell: Poisonous Vapours
   636 | D:1      | Reached skill level 4 in Poison Magic
   932 | D:1      | Reached skill level 1 in Air Magic
   932 | D:1      | Reached XP level 3. HP: 24/24 MP: 4/6
   956 | D:1      | Learned a level 3 spell: Mephitic Cloud
  1991 | D:2      | Reached skill level 1 in Conjurations
  2095 | D:2      | Reached XP level 4. HP: 30/30 MP: 5/7
  2695 | D:3      | Noticed an orc warrior
  2835 | D:2      | Mangled by an orc warrior

Illustrated notes

Levels and vault maps discovered:
D:1:      eino_arrival_druids_welcome, layout_loops_ring, minmay_misc_feat_iff,
          hangedman_decor_growths, minmay_misc_feat_alley,
          hangedman_feature_mirror, minmay_tall_x
D:2:      layout_loops_ring, first_ration, kennysheep_cross_room
D:3:      layout_rooms

Skill      XL: |  1  2  3  4 |
---------------+-------------+-----
Transmutations | 2 |  2.0
Poison Magic   | 4 |  4.0
Air Magic      | 1 2 |  2.0
Conjurations   | 1 |  1.8
Dodging        | |  2.6
Stealth        | |  2.1
Spellcasting   | |  2.0

Action                   |  1- 3 |  4- 6 || total
-------------------------+-------+-------++-------
Melee: Dagger            |    18 |    15 ||    33
       Unarmed           |     1 |       ||     1
Throw: Stone             |     2 |       ||     2
 Cast: Sting             |    75 |    16 ||    91
       Poisonous Vapours |       |     3 ||     3
       Mephitic Cloud    |       |     1 ||     1
  Eat: Chunk             |     5 |     3 ||     8
Armor: Robe              |    10 |     4 ||    14
Dodge: Dodged            |    42 |    19 ||    61
